NWL (28 & UNDER)
LA CROSSE LOGGERS @ BISMARK BORDER GUARDS
09/14/2025
 
TOP OF THE 1ST
La Crosse Loggers batting - Pitching for Bismark Border Guards : RHP Bud Baldwin
Pitching: RHP Bud Baldwin
Batting: RHB Bruce Brooks 0-0: Ball
1-0: SINGLE (Line Drive, 9LS)
Batting: RHB James Green 0-0: Ball
1-0: Called Strike
1-1: Called Strike
Bruce Brooks steals 2nd base
1-2: Ground out 4-3 (Groundball, 4)
Bruce Brooks to third
Batting: RHB Danny Campbell 0-0: Called Strike
0-1: Called Strike
0-2: Foul Ball, location: 2F
0-2: SINGLE (Line Drive, 8LS)
Bruce Brooks scores
Batting: LHB Ricardo Ruíz 0-0: Called Strike
0-1: Ball
1-1: Ball
2-1: Fly out, F5 (Popup, 5SF)
Batting: RHB Fraser Stanton 0-0: Ball
1-0: Ball
2-0: Foul Ball, location: 2F
2-1: Ball
Danny Campbell is caught stealing 2nd base
Top of the 1st over - 1 run(s), 2 hit(s), 0 error(s), 0 left on base; La Crosse 1 - Bismark 0
BOTTOM OF THE 1ST
Bismark Border Guards batting - Pitching for La Crosse Loggers : RHP Jaime Martínez
Pitching: RHP Jaime Martínez
Batting: RHB Tomás Carranza 0-0: Ball
1-0: Ball
2-0: Foul Ball, location: 2F
2-1: Foul Ball, location: 2F
2-2: Ground out 1-3 (Groundball, 15)
Batting: LHB Rusty Herbert 0-0: Swinging Strike
0-1: Foul Ball, location: 2F
0-2: Ball
1-2: Foul Ball, location: 2F
1-2: SINGLE (Groundball, 4M)
Batting: RHB José Gómez 0-0: Ball
1-0: Ball
2-0: Called Strike
2-1: Ground out 5-3 (Groundball, 5S)
Rusty Herbert to second
Batting: LHB Brian Boone 0-0: Called Strike
0-1: Ball
1-1: Fly out, F7 (Flyball, 78M)
Bottom of the 1st over - 0 run(s), 1 hit(s), 0 error(s), 1 left on base; La Crosse 1 - Bismark 0
TOP OF THE 2ND
La Crosse Loggers batting - Pitching for Bismark Border Guards : RHP Bud Baldwin
Batting: RHB Fraser Stanton 0-0: Foul Ball, location: 2F
0-1: Ball
1-1: Ball
2-1: Ball
3-1: Foul Ball, location: 2F
3-2: Foul Ball, location: 2F
3-2: Base on Balls
Batting: LHB Brock Miller 0-0: Foul Ball, location: 2F
0-1: Called Strike
0-2: Ball
1-2: Foul Ball, location: 2F
1-2: Strikes out looking
Batting: RHB Vernon Romo 0-0: Ball
1-0: Swinging Strike
1-1: Swinging Strike
1-2: Strikes out swinging
Batting: LHB Enrique Tirado 0-0: Fly out, F8 (Flyball, 8RM)
Top of the 2nd over - 0 run(s), 0 hit(s), 0 error(s), 1 left on base; La Crosse 1 - Bismark 0
BOTTOM OF THE 2ND
Bismark Border Guards batting - Pitching for La Crosse Loggers : RHP Jaime Martínez
Batting: RHB Chris Parker 0-0: Called Strike
0-1: Ball
1-1: Ground out 6-3 (Groundball, 6M)
Batting: RHB José Cintrón 0-0: Called Strike
0-1: DOUBLE (Line Drive, 89XD)
Batting: RHB Edward Melton 0-0: Ball
1-0: Foul Ball, location: 2F
1-1: Ball
2-1: Ball
3-1: Called Strike
3-2: Foul Ball, location: 2F
3-2: Fly out, F8 (Flyball, 8LM)
Batting: RHB Juan Robles 0-0: Swinging Strike
0-1: Called Strike
0-2: Strikes out swinging
Bottom of the 2nd over - 0 run(s), 1 hit(s), 0 error(s), 1 left on base; La Crosse 1 - Bismark 0
TOP OF THE 3RD
La Crosse Loggers batting - Pitching for Bismark Border Guards : RHP Bud Baldwin
Batting: LHB David Doyle 0-0: Foul Ball, location: 2F
0-1: Ground out 4-3 (Groundball, 4MS)
Batting: RHB Bruce Brooks 0-0: Called Strike
0-1: Swinging Strike
0-2: Ball
1-2: Ball
2-2: Ground out 6-3 (Groundball, 6)
Batting: RHB James Green 0-0: Called Strike
0-1: Fly out, F7 (Flyball, 7M)
Top of the 3rd over - 0 run(s), 0 hit(s), 0 error(s), 0 left on base; La Crosse 1 - Bismark 0
BOTTOM OF THE 3RD
Bismark Border Guards batting - Pitching for La Crosse Loggers : RHP Jaime Martínez
Batting: RHB Danny Spode 0-0: Ball
1-0: Ball
2-0: Ball
3-0: Called Strike
3-1: Called Strike
3-2: Foul Ball, location: 2F
3-2: Strikes out swinging
Batting: RHB Tomás Carranza 0-0: Ball
1-0: Foul Ball, location: 2F
1-1: Swinging Strike
1-2: Foul Ball, location: 2F
1-2: Ball
2-2: Ball
3-2: Base on Balls
Batting: LHB Rusty Herbert 0-0: Ball
Tomás Carranza steals 2nd base
1-0: Called Strike
1-1: Ball
2-1: SINGLE (Groundball, 56S) (infield hit)
Tomás Carranza to third
Batting: RHB José Gómez 0-0: Called Strike
0-1: SINGLE (Line Drive, 89S)
Tomás Carranza scores
Rusty Herbert to second
Batting: LHB Brian Boone 0-0: Foul Ball, location: 2F
0-1: Ball
1-1: Ball
2-1: Ground out 4-3 (Groundball, 4M)
Rusty Herbert to third
José Gómez to second
Batting: RHB Chris Parker 0-0: Ball
1-0: Foul Ball, location: 2F
1-1: Ball
2-1: Foul Ball, location: 2F
2-2: Ball
3-2: Foul Ball, location: 2F
3-2: Fly out, F9 (Line Drive, 9S)
Bottom of the 3rd over - 1 run(s), 2 hit(s), 0 error(s), 2 left on base; La Crosse 1 - Bismark 1
TOP OF THE 4TH
La Crosse Loggers batting - Pitching for Bismark Border Guards : RHP Bud Baldwin
Batting: RHB Danny Campbell 0-0: Ball
1-0: Called Strike
1-1: Ground out 6-3 (Groundball, 6M)
Batting: LHB Ricardo Ruíz 0-0: Called Strike
0-1: Ball
1-1: Ball
2-1: Foul Ball, location: 2F
2-2: Fly out, F4 (Line Drive, 4M)
Batting: RHB Fraser Stanton 0-0: Ball
1-0: DOUBLE (Flyball, 89M)
Batting: LHB Brock Miller 0-0: Called Strike
0-1: Swinging Strike
0-2: Fly out, F7 (Flyball, 7S)
Top of the 4th over - 0 run(s), 1 hit(s), 0 error(s), 1 left on base; La Crosse 1 - Bismark 1
BOTTOM OF THE 4TH
Bismark Border Guards batting - Pitching for La Crosse Loggers : RHP Jaime Martínez
Batting: RHB José Cintrón 0-0: Ground out 5-3 (Groundball, 5L)
Batting: RHB Edward Melton 0-0: Ball
1-0: Called Strike
1-1: Ball
2-1: Ball
3-1: Called Strike
3-2: Base on Balls
Batting: RHB Juan Robles 0-0: Ball
1-0: Fly out, F6 (Line Drive, 6)
Batting: RHB Danny Spode 0-0: Ball
1-0: Reached on error, E5 (Groundball, 5)
Edward Melton to second
Batting: RHB Tomás Carranza 0-0: Called Strike
0-1: Ball
1-1: Foul Ball, location: 2F
1-2: Foul Ball, location: 2F
1-2: SINGLE (Groundball, 4MD)
Edward Melton to third
Danny Spode to second
Runner from 3rd tries for Home, SAFE, no throw or cutoff
Batting: LHB Rusty Herbert 0-0: Called Strike
0-1: Ball
Passed Ball!
Danny Spode to third
Tomás Carranza to second
1-1: Ball
2-1: Fly out, F2 (Popup, 2R)
Bottom of the 4th over - 1 run(s), 1 hit(s), 1 error(s), 2 left on base; La Crosse 1 - Bismark 2
TOP OF THE 5TH
La Crosse Loggers batting - Pitching for Bismark Border Guards : RHP Bud Baldwin
Batting: RHB Vernon Romo 0-0: Called Strike
0-1: Foul Ball, location: 2F
0-2: Strikes out swinging
Batting: LHB Enrique Tirado 0-0: Called Strike
0-1: Ground out 1-3 (Groundball, 23)
Batting: LHB David Doyle 0-0: Foul Ball, location: 2F
0-1: Ball
1-1: Called Strike
1-2: Ball
2-2: Strikes out swinging
Top of the 5th over - 0 run(s), 0 hit(s), 0 error(s), 0 left on base; La Crosse 1 - Bismark 2
BOTTOM OF THE 5TH
Bismark Border Guards batting - Pitching for La Crosse Loggers : RHP Jaime Martínez
Batting: RHB José Gómez 0-0: Called Strike
0-1: SINGLE (Line Drive, 8RS)
Batting: LHB Brian Boone 0-0: Ball
1-0: Ball
2-0: Ball
3-0: Base on Balls
José Gómez to second
Pitching: LHP Pablo Solíz
Batting: RHB Chris Parker 0-0: Ball
1-0: Called Strike
1-1: Foul Ball, location: 2F
1-2: Ball
2-2: SINGLE (Line Drive, 7S)
José Gómez to third
Brian Boone to second
Batting: RHB José Cintrón 0-0: Foul Ball, location: 2F
0-1: Ball
1-1: Ball
2-1: Ball
3-1: Base on Balls
José Gómez scores
Brian Boone to third
Chris Parker to second
Batting: RHB Edward Melton 0-0: Ball
1-0: Ball
2-0: Called Strike
2-1: Foul Ball, location: 2F
2-2: GRAND SLAM HOME RUN (Line Drive, 7D), Distance : 376 ft
Batting: RHB Juan Robles 0-0: Called Strike
0-1: Swinging Strike
0-2: Foul Ball, location: 2F
0-2: Fly out, F7 (Line Drive, 7D)
Batting: RHB Danny Spode 0-0: Swinging Strike
0-1: Ball
1-1: Ball
2-1: Swinging Strike
2-2: SOLO HOME RUN (Flyball, 78XD), Distance : 402 ft
Pitching: RHP Joshua Dixon
Batting: RHB Tomás Carranza 0-0: Ball
1-0: Ball
2-0: Ball
3-0: Called Strike
3-1: Called Strike
3-2: SINGLE (Flyball, 3D)
Batting: LHB Rusty Herbert 0-0: Ball
1-0: Called Strike
Tomás Carranza steals 2nd base
1-1: Ground out 4-3 (Groundball, 4)
Tomás Carranza to third
Batting: RHB José Gómez 0-0: Ball
1-0: Ball
2-0: Foul Ball, location: 2F
2-1: Ball
3-1: Foul Ball, location: 2F
3-2: Base on Balls
Batting: LHB Brian Boone 0-0: Ball
1-0: Ball
2-0: Called Strike
2-1: Ball
3-1: Foul Ball, location: 2F
3-2: Base on Balls
José Gómez to second
Batting: RHB Chris Parker 0-0: Called Strike
0-1: Ball
1-1: Fly out, F8 (Flyball, 8RD)
Bottom of the 5th over - 6 run(s), 5 hit(s), 0 error(s), 3 left on base; La Crosse 1 - Bismark 8
TOP OF THE 6TH
La Crosse Loggers batting - Pitching for Bismark Border Guards : RHP Bud Baldwin
Batting: RHB Bruce Brooks 0-0: Ball
1-0: Swinging Strike
1-1: Swinging Strike
1-2: Ball
2-2: Strikes out looking
Batting: RHB James Green 0-0: Called Strike
0-1: Ball
1-1: Ball
2-1: Swinging Strike
2-2: Foul Ball, location: 2F
2-2: Strikes out swinging
Batting: RHB Danny Campbell 0-0: Ground out 4-3 (Groundball, 4)
Top of the 6th over - 0 run(s), 0 hit(s), 0 error(s), 0 left on base; La Crosse 1 - Bismark 8
BOTTOM OF THE 6TH
Bismark Border Guards batting - Pitching for La Crosse Loggers : RHP Joshua Dixon
Batting: RHB José Cintrón 0-0: Ball
1-0: Ball
2-0: Swinging Strike
2-1: Foul Ball, location: 2F
2-2: Ball
3-2: Strikes out swinging
Batting: RHB Edward Melton 0-0: Ball
1-0: Foul Ball, location: 2F
1-1: Ball
2-1: Ball
3-1: Foul Ball, location: 2F
3-2: SINGLE (Line Drive, 6M)
Batting: RHB Juan Robles 0-0: Ball
1-0: Called Strike
Edward Melton steals 2nd base
1-1: Swinging Strike
1-2: SINGLE (Groundball, 6MD)
Edward Melton to third
Runner from 3rd tries for Home, SAFE, no throw or cutoff
Batting: RHB Danny Spode 0-0: Called Strike
0-1: Ball
1-1: Ball
2-1: Called Strike
2-2: Foul Ball, location: 2F
2-2: Ball
3-2: Base on Balls
Juan Robles to second
Batting: RHB Tomás Carranza 0-0: Ball
1-0: Foul Ball, location: 2F
1-1: Foul Ball, location: 2F
1-2: Foul Ball, location: 2F
1-2: Ground out 3-1 (Groundball, 34)
Juan Robles to third
Danny Spode to second
Batting: LHB Rusty Herbert 0-0: Foul Ball, location: 2F
0-1: Fly out, F8 (Flyball, 8LD)
Bottom of the 6th over - 1 run(s), 2 hit(s), 0 error(s), 2 left on base; La Crosse 1 - Bismark 9
TOP OF THE 7TH
La Crosse Loggers batting - Pitching for Bismark Border Guards : RHP Bud Baldwin
Batting: LHB Ricardo Ruíz 0-0: Ground out 4-3 (Groundball, 4)
Batting: RHB Fraser Stanton 0-0: Ball
1-0: Ball
2-0: Ball
3-0: Called Strike
3-1: Base on Balls
Batting: LHB Brock Miller 0-0: Ball
1-0: Called Strike
1-1: Foul Ball, location: 2F
1-2: SINGLE (Groundball, 3L)
Fraser Stanton to second
Runner from 2nd tries for 3rd, SAFE, throw made to third
Batting: RHB Vernon Romo 0-0: Ball
1-0: Foul Ball, location: 2F
1-1: Grounds into double play, 4-6-3 (Groundball, 4)
Top of the 7th over - 0 run(s), 1 hit(s), 0 error(s), 1 left on base; La Crosse 1 - Bismark 9
BOTTOM OF THE 7TH
Bismark Border Guards batting - Pitching for La Crosse Loggers : RHP Joshua Dixon
Batting: RHB José Gómez 0-0: Ball
1-0: Called Strike
1-1: Foul Ball, location: 2F
1-2: Ball
2-2: Ball
3-2: SINGLE (Groundball, 34D)
Batting: LHB Brian Boone 0-0: Called Strike
0-1: Hit by Pitch
José Gómez to second
Batting: RHB Chris Parker 0-0: Called Strike
0-1: Ball
1-1: Fly out, F3 (Popup, 23)
Pitching: RHP Cisco Vázquez
Batting: RHB José Cintrón 0-0: Ball
1-0: Fly out, F6 (Line Drive, 6)
Batting: RHB Edward Melton 0-0: Foul Ball, location: 2F
0-1: Called Strike
0-2: TRIPLE (Flyball, 78XD)
José Gómez scores
Brian Boone scores
Batting: RHB Juan Robles 0-0: Foul Ball, location: 2F
0-1: Fly out, F7 (Flyball, 78M)
Bottom of the 7th over - 2 run(s), 2 hit(s), 0 error(s), 1 left on base; La Crosse 1 - Bismark 11
TOP OF THE 8TH
La Crosse Loggers batting - Pitching for Bismark Border Guards : RHP Bud Baldwin
Batting: LHB Enrique Tirado 0-0: Ball
1-0: Called Strike
1-1: Foul Ball, location: 2F
1-2: Strikes out swinging
Pitching: RHP Nathan Walters
Batting: LHB David Doyle 0-0: Called Strike
0-1: Ball
1-1: Ball
2-1: SINGLE (Line Drive, 8LS)
Batting: RHB Bruce Brooks 0-0: Swinging Strike
0-1: Called Strike
0-2: Ball
1-2: Strikes out swinging
Batting: RHB James Green 0-0: Called Strike
0-1: Ball
1-1: Ball
2-1: Ball
3-1: Base on Balls
David Doyle to second
Batting: RHB Danny Campbell 0-0: Ball
1-0: Called Strike
1-1: Ball
Wild Pitch!
David Doyle to third
James Green to second
2-1: Fly out, F9 (Flyball, 9D)
Top of the 8th over - 0 run(s), 1 hit(s), 0 error(s), 2 left on base; La Crosse 1 - Bismark 11
BOTTOM OF THE 8TH
Bismark Border Guards batting - Pitching for La Crosse Loggers : RHP Cisco Vázquez
Batting: RHB Danny Spode 0-0: Ball
1-0: Swinging Strike
1-1: Called Strike
1-2: Ball
2-2: Foul Ball, location: 2F
2-2: Foul Ball, location: 2F
2-2: Foul Ball, location: 2F
2-2: Foul Ball, location: 2F
2-2: Ball
3-2: Strikes out looking
Batting: RHB Tomás Carranza 0-0: Called Strike
0-1: Ball
1-1: Fly out, F8 (Line Drive, 8RD)
Pinch Hitting: RHB Mike Wright 0-0: Called Strike
0-1: Ground out 5-3 (Groundball, 15S)
Bottom of the 8th over - 0 run(s), 0 hit(s), 0 error(s), 0 left on base; La Crosse 1 - Bismark 11
TOP OF THE 9TH
La Crosse Loggers batting - Pitching for Bismark Border Guards : RHP Nathan Walters
Now at 1B: Mike Wright
Batting: LHB Ricardo Ruíz 0-0: Called Strike
0-1: SINGLE (Line Drive, 4)
Batting: RHB Fraser Stanton 0-0: Foul Ball, location: 2F
0-1: SINGLE (Groundball, 56)
Ricardo Ruíz to second
Batting: LHB Brock Miller 0-0: Called Strike
0-1: Ball
1-1: Ball
2-1: Ball
3-1: SINGLE (Line Drive, 34)
Ricardo Ruíz to third
Fraser Stanton to second
Runner from 3rd tries for Home, SAFE, no throw or cutoff
Batting: RHB Vernon Romo 0-0: Swinging Strike
0-1: Ball
1-1: Fly out, F7 (Flyball, 7LM)
Batting: LHB Enrique Tirado 0-0: Called Strike
0-1: Ball
1-1: Called Strike
1-2: SINGLE (Line Drive, 8LS)
Fraser Stanton to third
Brock Miller to second
Runner from 3rd tries for Home, SAFE, throw made home
Brock Miller to third
Enrique Tirado to second
Batting: LHB David Doyle 0-0: Called Strike
0-1: Ball
1-1: Foul Ball, location: 2F
1-2: Ball
2-2: Strikes out looking
Batting: RHB Bruce Brooks 0-0: Called Strike
0-1: Called Strike
0-2: Strikes out swinging
Top of the 9th over - 2 run(s), 4 hit(s), 0 error(s), 2 left on base; La Crosse 3 - Bismark 11
This league is powered by Out of the Park Baseball, the baseball management simulation game for PC, Mac and Linux
Tuesday, August 2nd, 2016 - OOTP Baseball 16.8 Build 38